 Dungeon Crawl Stone Soup version 0.30-a0-365-ge7f957f1db (webtiles) character file.

Game seed: 12544053206419818302

212 Raultor the Changer (level 5, -1/33 HPs)
             Began as an Octopode Transmuter on Nov 16, 2022.
             Slain by an orc
             ... wielding a +0 mace
              (4 damage)
             ... on level 3 of the Dungeon.
             The game lasted 00:07:35 (1764 turns).

Raultor the Changer (Octopode Transmuter)           Turns: 1764, Time: 00:07:35

Health: -1/33      AC:  1    Str: 11    XL:     5   Next: 89%
Magic:  8/8        EV: 13    Int: 16    God:
Gold:   251        SH:  0    Dex: 12    Spells: 1/8 levels left

rFire   . . .      SeeInvis .      - Unarmed
rCold   . . .      Faith    .    (no shield)
rNeg    . . .      Spirit   .    (helmet restricted)
rPois   .          Reflect  .    (no amulet)
rElec   .          Harm     .    (no ring)
rCorr   .          Rampage  .    (no ring)
Will    .....                    (no ring)
Stlth   ++........               (no ring)
HPRegen 0.25/turn                (no ring)
MPRegen 0.11/turn                (no ring)
                                 (no ring)
                                 (no ring)

@: confused
A: almost no armour, amphibious, 8 rings, camouflage 1, gelatinous body 1,
(nimble swimmer 1), tentacles, deterioration 1, mutation resistance 1
a: no special abilities


You were on level 3 of the Dungeon.
You visited 1 branch of the dungeon, and saw 3 of its levels.

You collected 251 gold pieces.


Innate Abilities, Weirdness & Mutations

You cannot wear most types of armour.
You are amphibious.
You can wear up to eight rings at the same time.
Your skin changes colour to match your surroundings (Stealth+).
Your rubbery body absorbs attacks. (AC +1, EV +1)
((You are camouflaged when in or above water. (Stealth+)))
You have tentacles for arms and can constrict up to eight enemies at once.
Your body sometimes deteriorates upon taking damage.
You are somewhat resistant to further mutation.


   Skills:
 - Level 1.0 Fighting
 - Level 2.0 Dodging
 - Level 3.0 Unarmed Combat
 - Level 2.0 Spellcasting
 + Level 5.3 Transmutations
 * Level 2.2 Ice Magic


You had one spell level left.
You knew the following spells:

 Your Spells              Type           Power      Damage    Failure   Level
b - Beastly Appendage     Tmut           36%        N/A       2%          1
c - Ice Form              Ice/Tmut       13%        N/A       41%         4
w - Wereblood             Tmut           18%        N/A       3%          2

Your spell library contained the following spells:

 Spells                   Type           Power      Damage    Failure   Level
 Spider Form              Tmut/Pois      10%        N/A       21%         3
 Gell's Gravitas          Tloc           1%         N/A       52%         3
 Lesser Beckoning         Tloc           2%         N/A       52%         3
 Stone Arrow              Conj/Erth      2%         3d7       52%         3
 Teleport Other           Tloc           1%         N/A       52%         3
 Lehudib's Crystal Spear  Conj/Erth      0%         10d2      100%        8
 Animate Armour           Summ/Erth      Unusable   N/A       N/A         4

Inventory:

Scrolls
 b - 3 scrolls of identify {unknown}
 e - 3 scrolls of teleportation {unknown}
 f - a scroll of enchant weapon {unknown}
 h - a scroll of fear {unknown}
 i - 3 scrolls of enchant armour {unknown}
 l - 3 scrolls of noise {unknown}
 m - a scroll of silence {unknown}
 n - a scroll of poison {unknown}
Potions
 c - a potion of berserk rage {unknown}
 d - 2 potions of magic {unknown}
 g - a potion of brilliance {unknown}
 j - 3 potions of mutation
 k - a potion of heal wounds {unknown}

Dungeon Overview and Level Annotations

Branches:
Dungeon (3/15)

Altars:

#...# S #####...### ..
.#.......# ... ........#
....#....... .......S..##
# ......oo...# # #{r..#
#### # ###@o..#####....
.. #...........#.## #..
.####...................
...................######
.#####.#...##.......# #
#...........# .#
#.######.##.#..#
..#.......##.#..# #
###.###.###......# #


You could see an adder, 3 orcs and a rat.


Message History

The orc throws a stone.
The stone hits you. The orc hits you with a +0 mace.
You barely miss the orc. Your grab misses the orc.
An adder comes into view.
The orc hits you with a +0 mace.
The orc wizard attacks as you move away!
The orc wizard closely misses you. The orc wizard casts a spell at you.
You are confused.
The orc throws a stone.
The stone closely misses you.
The orc wizard gestures wildly while chanting.
The orc wizard flickers and vanishes!
Deactivating autopickup; reactivate with Ctrl-A.
The adder hisses angrily.
You tentacle-slap the orc.
The orc is heavily wounded.
Something hits you. The orc hits you with a +0 mace!
* * * LOW HITPOINT WARNING * * *
Unknown command.
You're too confused to move!
The rat bites you.
* * * LOW HITPOINT WARNING * * *
Something hits you.
* * * LOW HITPOINT WARNING * * *
The orc throws a stone.
The stone misses you. The orc closely misses you.
It was a potion of mutation.
You feel extremely strange.
You feel yourself wasting away.
You feel genetically stable. The rat barely misses you. Something hits you.
* * * LOW HITPOINT WARNING * * *
The orc hits you with a +0 mace.
You die...

Skill      XL: |  1  2  3  4 |
---------------+-------------+-----
Transmutations | 3 4 5 |  5.3
Ice Magic      | 2 |  2.2
Fighting       | |  1.0
Dodging        | |  2.0
Unarmed Combat | |  3.0
Spellcasting   | |  2.0

Action                   |  1- 3 |  4- 6 || total
-------------------------+-------+-------++-------
Melee: Unarmed           |    68 |    54 ||   122
       Constrict         |    15 |    10 ||    25
       Tentacles         |    17 |    12 ||    29
       Punch             |     4 |       ||     4
       Kick              |     3 |     6 ||     9
 Cast: Beastly Appendage |     4 |     4 ||     8
       Wereblood         |       |     3 ||     3
  Use: Potion            |       |     2 ||     2
 Stab: Sleeping          |     3 |     6 ||     9
       Distracted        |     1 |       ||     1
Armor: Skin              |     6 |     4 ||    10
Dodge: Dodged            |    43 |    24 ||    67

Levels and vault maps discovered:
D:1:      ebering_hopf_link, layout_basic, basic_ecumenical_altar,
          minmay_misc_feat_square, minmay_tree_intersection
D:2:      layout_loops_ring
D:3:      layout_loops_ring, minmay_gold_behind_fungi, amethyst_killhole

Notes
Turn   | Place    | Note
-------+----------+-------------------------------------------
     0 | D:1      | Raultor the Octopode Transmuter began the quest for the
                  | Orb.
     0 | D:1      | Reached XP level 1. HP: 13/13 MP: 3/3
   107 | D:1      | Reached XP level 2. HP: 10/18 MP: 5/5
   110 | D:1      | Learned a level 2 spell: Wereblood
   263 | D:1      | Found a faded altar of an unknown god.
   440 | D:1      | Reached skill level 3 in Transmutations
   530 | D:2      | Reached XP level 3. HP: 16/23 MP: 4/6
   731 | D:2      | Reached skill level 4 in Transmutations
   787 | D:2      | Reached XP level 4. HP: 27/28 MP: 7/7
  1491 | D:3      | Reached skill level 5 in Transmutations
  1496 | D:3      | Learned a level 4 spell: Ice Form
  1588 | D:3      | Noticed an ogre
  1598 | D:3      | Killed an ogre
  1599 | D:3      | Reached skill level 2 in Ice Magic
  1599 | D:3      | Reached XP level 5. HP: 33/33 MP: 5/8
  1764 | D:3      | Gained mutation: Your body sometimes deteriorates upon
                  | taking damage. [potion of mutation]
  1764 | D:3      | Gained mutation: You are somewhat resistant to further
                  | mutation. [potion of mutation]
  1764 | D:3      | HP: 3/33 [something (2)]
  1764 | D:3      | Slain by an orc

Vanquished Creatures
  An ogre (D:3)
  An orc priest (D:3)
  4 adders (D:2)
  A worm (D:2)
  8 orcs (D:3)
  2 ball pythons
  6 endoplasms
  2 giant cockroaches
  3 goblins (D:2)
  2 hobgoblins
  7 kobolds
  2 quokkas (D:1)
  4 bats
  A frilled lizard (D:1)
  6 rats
50 creatures vanquished.

Vanquished Creatures (others)
  4 fungi (D:3)
  6 toadstools (D:3)
10 creatures vanquished.

Grand Total: 60 creatures vanquished

Table legend: (Time is in decaauts)
 A = Elapsed time spent in this place.
 B = Non-inter-level travel time spent in this place.
 C = Inter-level travel time spent in this place.
 D = Time resting spent in this place.
 E = Time spent auto-exploring this place.
 F = Levels seen in this place.
 G = Mean time per level.
                   A        B        C        D        E       F      G
               +--------+--------+--------+--------+--------+-----+--------+
         Total |   1759 |   1668 |     91 |      0 |   1250 |   3 |  586.3 |
       Dungeon |   1759 |   1668 |     91 |      0 |   1250 |   3 |  586.3 |
               +--------+--------+--------+--------+--------+-----+--------+

Top non-repeatable levels by time:
     D:2: 825 daAuts
     D:1: 519 daAuts
     D:3: 414 daAuts

Table legend:
 A = Non-vault XP
 B = Vault XP
 C = Vault XP percentage of total XP
 D = Non-vault monster count
 E = Vault monster count
 F = Vault count percentage of total count
                 A         B        C        D         E       F
            +---------+---------+-------+---------+---------+-------
      Total |     303 |       0 |   0.0 |      50 |       0 |   0.0
            +---------+---------+-------+---------+---------+-------
        D:1 |      22 |       0 |   0.0 |      15 |       0 |   0.0
        D:2 |      85 |       0 |   0.0 |      20 |       0 |   0.0
        D:3 |     196 |       0 |   0.0 |      15 |       0 |   0.0
            +---------+---------+-------+---------+---------+-------
